Map: Moondance

Players

GungFuBanDa

  • Race: Protoss Protoss
  • Spawn Location: 6:00

NightMare - Winner!

  • Race: Protoss Protoss
  • Spawn Location: 12:00

Event: DreamHack SC2 Masters 2022 Atlanta (Offline)

VOD

Have the link to the VOD?

Description

Time

  • Played on: Nov. 18, 2022, 8:41 p.m.
  • Length: 21:28

All games in this series

Show
View Real Time Build Order
Export as new Build Order

GungFuBanDa Protoss 

Build Orders: Blink Stalkers 

Get SALT Encoding   

  12  0:00  Probe  
  13  0:12  Probe  
  14  0:16  Pylon  
  14  0:24  Probe (Chrono Boost)  
  15  0:36  Gateway, Probe (Chrono Boost)  
  16  0:44  Probe (Chrono Boost)  
  16  0:45  Assimilator  
  17  0:50  Probe  
  18  0:57  Assimilator  
  18  1:03  Probe (Chrono Boost)  
  19  1:09  Gateway  
  19  1:13  Probe (Chrono Boost)  
  19  1:18  Probe  
  20  1:24  Cybernetics Core  
  21  1:30  Probe  
  22  1:34  Pylon  
  22  1:42  Probe  
  23  1:54  Probe  
  23  2:01  Sentry, Stalker  
  28  2:05  Warp Gate  
  28  2:06  Probe  
  29  2:16  Pylon  
  29  2:23  Probe  
  29  2:25  Pylon  
  30  2:39  Nexus  
  30  2:46  Shield Battery  
  30  2:50  Sentry  
  31  2:52  Probe (Chrono Boost)  
  31  2:57  Sentry  
  34  3:02  Probe (Chrono Boost)  
  35  3:07  Probe (Chrono Boost)  
  35  3:10  Twilight Council  
  36  3:18  Probe (Chrono Boost)  
  36  3:19  Pylon  
  37  3:30  Probe (Chrono Boost)  
  38  3:35  Probe (Chrono Boost)  
  39  3:44  Probe, Blink (Chrono Boost)  
  40  3:53  Probe (Chrono Boost)  
  41  3:56  Stalker  
  41  4:02  Probe (Chrono Boost)  
  44  4:04  Stalker  
  44  4:05  Probe (Chrono Boost)  
  44  4:09  Probe (Chrono Boost)  
  48  4:10  Probe (Chrono Boost)  
  49  4:19  Probe  
  49  4:20  Probe  
  49  4:21  Robotics Facility  
  49  4:24  Pylon  
  51  4:26  Forge  
  51  4:31  Probe, Stalker  
  51  4:37  Probe  
  55  4:43  Probe  
  56  4:49  Nexus  
  56  4:56  Probe  
  56  4:58  Probe  
  58  5:01  Protoss Ground Weapons Level 1  
  58  5:05  Immortal (Chrono Boost), Assimilator  
  58  5:08  Probe  
  58  5:11  Pylon  
  63  5:15  Probe  
  63  5:18  Gateway  
  63  5:20  Probe  
  65  5:27  Probe, Assimilator  
  66  5:32  Probe  
  66  5:33  Pylon  
  68  5:35  Observer (Chrono Boost), Stalker  
  68  5:36  Stalker  
  68  5:40  Probe  
  73  5:44  Observer, Probe  
  73  5:47  Gateway  
  74  5:52  Probe  
  74  5:55  Robotics Bay  
  74  5:57  Probe  
  76  6:04  Probe  
  77  6:09  Probe, Stalker x2  
  77  6:10  Probe  
  83  6:18  Immortal (Chrono Boost)  
  84  6:20  Shield Battery  
  84  6:25  Stalker  
  85  6:31  Shield Battery  
  83  6:34  Stalker x2  
  85  6:40  Observer  
  85  6:41  Shield Battery  
  85  6:45  Gateway  
  85  6:46  Disruptor (Chrono Boost), Probe  
  86  6:52  Probe, Pylon  
  86  6:53  Observer  
  91  6:54  Probe  
  91  6:59  Probe  
  92  7:06  Stalker x2  
  96  7:17  Protoss Ground Weapons Level 2 (Chrono Boost)  
  96  7:21  Probe  
  95  7:25  Disruptor (Chrono Boost)  
  95  7:27  Probe x2  
  98  7:32  Stalker x2  
  98  7:33  Probe  
  98  7:34  Assimilator  
  98  7:36  Photon Cannon  
  100  7:39  Probe  
  100  7:40  Probe  
  100  7:46  Probe  
  100  7:47  Pylon  
  101  7:51  Gateway, Probe  
  101  7:54  Disruptor, Photon Cannon  
  101  7:57  Probe  
  106  8:07  Stalker x3  
  110  8:14  Probe  
  103  8:20  Probe  
  103  8:23  Shield Battery  
  102  8:29  Disruptor (Chrono Boost)  
  102  8:30  Photon Cannon  
  102  8:33  Probe  
  106  8:36  Observer  
  106  8:39  Stalker x3  
  112  8:46  Pylon  
  112  8:48  Dark Shrine  
  112  8:56  Disruptor (Chrono Boost)  
  113  9:18  Stalker x3  
  113  9:21  Pylon  
  119  9:25  Gateway x2  
  119  9:28  Disruptor (Chrono Boost)  
  119  9:29  Pylon  
  122  9:32  Gateway  
  122  9:34  Observer  
  122  9:42  Stalker x4  
  122  9:44  Protoss Ground Weapons Level 3 (Chrono Boost)  
  130  9:57  Disruptor, Probe  
  130  9:58  Photon Cannon  
  134  10:14  Nexus  
  134  10:16  Pylon  
  134  10:18  Dark Templar  
  134  10:19  Dark Templar x2  
  140  10:33  Disruptor (Chrono Boost)  
  141  10:45  Photon Cannon  
  141  10:46  Photon Cannon  
  141  10:47  Shield Battery  
  141  10:49  Pylon  
  140  10:55  Stalker x4  
  148  11:04  Disruptor (Chrono Boost)  
  147  11:12  Photon Cannon  
  147  11:13  Shield Battery  
  147  11:14  Pylon  
  136  11:22  Probe  
  136  11:23  Probe x2  
  139  11:31  Charge  
  135  11:36  Disruptor (Chrono Boost), Stalker x6  
  135  11:37  Stalker  
  152  11:42  Probe, Assimilator  
  152  11:43  Probe  
  152  11:44  Probe, Assimilator  
  152  11:45  Probe  
  134  12:05  Disruptor (Chrono Boost)  
  134  12:06  Probe x2  
  134  12:07  Robotics Facility  
  139  12:08  Pylon  
  139  12:11  Pylon  
  136  12:25  Stalker x4  
  129  12:37  Disruptor (Chrono Boost)  
  130  12:50  Pylon  
  130  12:52  Stalker  
  130  12:53  Stalker x6  
  144  13:02  Pylon  
  144  13:04  Disruptor (Chrono Boost), Nexus, Probe  
  142  13:11  Disruptor (Chrono Boost)  
  142  13:12  Probe  
  143  13:17  Probe x2  
  145  13:21  Protoss Shields Level 1  
  142  13:27  Zealot x3  
  142  13:28  Zealot x3  
  142  13:32  Shadow Stride  
  157  13:37  Disruptor (Chrono Boost), Photon Cannon  
  157  13:38  Disruptor (Chrono Boost)  
  124  14:11  Stalker x6  
  124  14:13  Observer (Chrono Boost)  
  138  14:19  Probe (Chrono Boost)  
  138  14:20  Disruptor (Chrono Boost)  
  138  14:23  Probe (Chrono Boost)  
  133  14:24  Probe (Chrono Boost)  
  133  14:29  Probe (Chrono Boost)  
  124  14:32  Disruptor (Chrono Boost)  
  124  14:34  Probe (Chrono Boost)  
  124  14:37  Stalker x5  
  124  14:38  Probe (Chrono Boost)  
  135  14:45  Probe (Chrono Boost)  
  135  14:46  Probe (Chrono Boost)  
  135  14:49  Probe (Chrono Boost)  
  136  14:54  Observer (Chrono Boost)  
  136  14:55  Nexus  
  136  14:59  Dark Templar, Probe (Chrono Boost)  
  134  15:03  Zealot x5  
  134  15:04  Probe (Chrono Boost)  
  134  15:05  Disruptor (Chrono Boost)  
  144  15:07  Observer (Chrono Boost)  
  144  15:12  Photon Cannon  
  144  15:23  Pylon  
  144  15:24  Probe (Chrono Boost)  
  144  15:27  Observer (Chrono Boost)  
  146  15:33  Probe (Chrono Boost), Photon Cannon  
  147  15:38  Probe  
  147  15:41  Observer  
  148  15:44  Observer  
  148  15:45  Zealot x6  
  160  16:03  Nexus  
  152  16:05  Protoss Shields Level 2 (Chrono Boost)  
  152  16:06  Stalker  
  152  16:07  Stalker x5  
  156  16:26  Observer  
  157  16:34  Photon Cannon  
  157  16:35  Stalker x2  
  157  16:36  Sentry, Stalker  
  157  16:37  Stalker x2  
  157  16:38  Probe  
  160  16:59  Gravitic Boosters (Chrono Boost)  
  160  17:00  Disruptor  
  150  17:13  Probe  
  148  17:17  Dark Templar x4  
  148  17:18  Zealot x2  
  160  17:40  Probe  
  160  17:41  Probe  
  152  18:01  Nexus  
  153  18:10  Warp Prism (Chrono Boost)  
  153  18:20  Nexus  
  153  18:21  Pylon  
  153  18:22  Zealot x2, Dark Templar x3  
  153  18:23  Disruptor  
  166  18:39  Disruptor  
  164  18:50  Stalker x3  
  158  19:04  Disruptor  
  144  19:13  Zealot x5  
  144  19:14  Zealot, Observer, Probe  
  152  19:23  Disruptor  
  155  19:25  Nexus  
  151  19:35  Pylon  
  149  19:39  Dark Templar x4  
  140  19:55  Dark Templar  
  140  19:57  Dark Templar  
  130  20:08  Observer  
  111  20:26  Zealot x4  
  107  20:51  Zealot x6  
Show
View Real Time Build Order
Export as new Build Order

NightMare Protoss - Winner!

Build Orders: Blink Stalkers, Carriers 

Get SALT Encoding   

  12  0:00  Probe  
  13  0:12  Probe  
  14  0:16  Pylon  
  14  0:24  Probe (Chrono Boost)  
  15  0:36  Gateway, Probe (Chrono Boost)  
  16  0:45  Probe (Chrono Boost)  
  16  0:48  Assimilator  
  17  0:51  Probe  
  17  0:56  Assimilator  
  18  1:03  Probe (Chrono Boost)  
  19  1:07  Gateway  
  19  1:12  Probe (Chrono Boost)  
  19  1:17  Probe (Chrono Boost)  
  20  1:25  Cybernetics Core  
  21  1:29  Probe  
  22  1:35  Pylon  
  22  1:41  Probe  
  23  1:53  Probe  
  24  2:03  Warp Gate, Stalker x2  
  28  2:11  Pylon  
  28  2:12  Probe  
  29  2:25  Pylon  
  29  2:42  Nexus  
  29  2:43  Probe  
  30  2:50  Sentry x2  
  34  2:56  Probe  
  35  3:01  Twilight Council  
  35  3:08  Probe  
  35  3:11  Pylon  
  36  3:20  Probe  
  37  3:29  Blink (Chrono Boost)  
  37  3:32  Probe  
  38  3:44  Probe  
  39  3:52  Stalker x2  
  39  3:54  Probe  
  44  3:56  Probe  
  45  4:04  Robotics Facility  
  45  4:06  Probe  
  45  4:08  Probe  
  45  4:09  Gateway  
  47  4:15  Gateway  
  47  4:18  Probe  
  47  4:20  Probe  
  49  4:30  Probe, Stalker  
  52  4:32  Probe  
  52  4:33  Stalker  
  55  4:43  Probe  
  55  4:44  Probe  
  55  4:45  Pylon  
  57  4:51  Observer  
  58  4:55  Nexus  
  58  5:00  Probe x2  
  58  5:05  Assimilator  
  60  5:16  Warp Prism (Chrono Boost), Probe x2  
  64  5:21  Stalker x2  
  64  5:28  Pylon  
  68  5:31  Probe x2  
  68  5:32  Pylon  
  70  5:41  Forge  
  70  5:46  Stalker x2  
  70  5:48  Stalker  
  76  5:52  Stalker  
  76  5:53  Probe  
  76  5:54  Probe  
  80  5:59  Pylon  
  80  6:05  Probe  
  80  6:06  Probe  
  82  6:19  Protoss Ground Weapons Level 1 (Chrono Boost), Stalker x4  
  82  6:21  Probe x2  
  88  6:27  Charge (Chrono Boost)  
  84  6:36  Gateway  
  78  6:41  Observer  
  78  6:43  Gateway  
  78  6:46  Gateway  
  80  6:49  Gateway  
  80  6:52  Adept x2  
  80  6:53  Adept x2  
  86  6:57  Pylon  
  86  7:06  Nexus  
  86  7:08  Pylon  
  86  7:09  Probe x2  
  86  7:10  Probe  
  86  7:15  Observer  
  90  7:29  Stalker x4  
  94  7:34  Probe x3, Gateway  
  94  7:36  Gateway  
  97  7:44  Observer  
  98  7:50  Stalker x4  
  106  7:54  Pylon  
  106  7:55  Probe x3  
  106  7:57  Pylon  
  109  8:12  Zealot x4  
  117  8:15  Robotics Bay  
  117  8:16  Protoss Ground Weapons Level 2 (Chrono Boost)  
  107  8:22  Probe x2  
  107  8:26  Zealot  
  107  8:27  Zealot x3  
  109  8:28  Probe x2  
  109  8:31  Zealot x2  
  109  8:32  Zealot  
  119  8:34  Assimilator  
  119  8:36  Zealot  
  121  8:42  Zealot x2  
  121  8:45  Robotics Facility  
  121  8:46  Pylon  
  125  8:49  Photon Cannon  
  125  8:56  Photon Cannon  
  125  8:58  Photon Cannon  
  125  8:59  Photon Cannon  
  125  9:01  Disruptor (Chrono Boost)  
  128  9:21  Stalker x3  
  128  9:22  Probe x3  
  128  9:23  Assimilator  
  137  9:24  Assimilator  
  137  9:29  Probe  
  137  9:30  Disruptor  
  141  9:34  Probe x2  
  137  9:38  Observer  
  137  9:40  Zealot x3  
  137  9:41  Disruptor (Chrono Boost), Zealot x3  
  137  9:45  Pylon  
  152  9:47  Pylon  
  152  9:48  Pylon  
  152  9:51  Assimilator  
  153  9:52  Probe  
  153  9:53  Probe x2, Photon Cannon  
  153  9:55  Photon Cannon  
  153  9:56  Shield Battery  
  155  10:09  Disruptor (Chrono Boost)  
  154  10:15  Disruptor (Chrono Boost), Dark Shrine  
  157  10:24  Zealot x4  
  163  10:32  Observer  
  163  10:34  Disruptor (Chrono Boost)  
  163  10:38  Photon Cannon  
  163  10:39  Disruptor (Chrono Boost), Pylon x2  
  163  10:40  Nexus  
  163  10:42  Photon Cannon  
  161  10:48  Zealot x2  
  161  10:49  Zealot x4, Protoss Ground Weapons Level 3 (Chrono Boost)  
  169  10:55  Zealot x3  
  167  11:06  Zealot  
  169  11:20  Shadow Stride  
  167  11:29  Nexus  
  167  11:30  Pylon  
  151  11:34  Stalker x9  
  151  11:36  Stalker  
  161  11:45  Gravitic Boosters, Observer  
  154  11:57  Stalker x2  
  154  11:58  Stalker x6  
  165  12:05  Disruptor (Chrono Boost), Stalker x2  
  168  12:09  Observer (Chrono Boost)  
  169  12:20  Shield Battery  
  169  12:22  Shield Battery  
  168  12:27  Observer  
  168  12:35  Stalker x9  
  184  12:50  Observer x2  
  186  12:53  Dark Templar, Photon Cannon  
  186  12:58  Dark Templar x3  
  168  13:10  Protoss Ground Armor Level 1 (Chrono Boost)  
  166  13:13  Zealot  
  166  13:14  Zealot x4  
  175  13:20  Zealot  
  175  13:21  Disruptor x2 (Chrono Boost)  
  175  13:25  Gateway  
  180  13:28  Gateway  
  180  13:35  Zealot x2  
  180  13:36  Zealot x3  
  180  13:37  Zealot x4  
  194  13:53  Stargate  
  194  13:54  Zealot  
  163  13:58  Zealot x3  
  163  13:59  Zealot x4  
  163  14:01  Zealot x2  
  163  14:05  Disruptor x2 (Chrono Boost)  
  143  14:31  Stalker x11  
  131  14:52  Fleet Beacon  
  127  14:59  Disruptor x2 (Chrono Boost)  
  127  15:14  Dark Templar x3  
  127  15:15  Dark Templar x3, Observer  
  136  15:21  Zealot x4  
  136  15:22  Zealot x2  
  136  15:27  Observer  
  148  15:30  Photon Cannon, Assimilator  
  148  15:33  Assimilator  
  148  15:36  Disruptor x2 (Chrono Boost)  
  154  15:49  Stalker x2  
  156  15:52  Observer  
  137  16:04  Zealot x2  
  137  16:05  Zealot  
  143  16:11  Dark Templar x3  
  143  16:17  Disruptor x2 (Chrono Boost)  
  149  16:19  Observer  
  153  16:29  Zealot x4  
  153  16:30  Zealot x5  
  170  16:35  Stargate  
  170  16:37  Stargate  
  158  17:13  Carrier (Chrono Boost)  
  158  17:15  Protoss Shields Level 1 (Chrono Boost)  
  158  17:16  Carrier (Chrono Boost)  
  158  17:20  Observer  
  164  17:24  Observer, Protoss Air Weapons Level 1 (Chrono Boost)  
  164  17:29  Carrier (Chrono Boost)  
  170  17:36  Nexus  
  170  17:37  Pylon  
  168  17:41  Observer  
  167  17:44  Pylon  
  167  17:47  Observer  
  163  18:00  Carrier (Chrono Boost)  
  169  18:10  Photon Cannon  
  169  18:11  Photon Cannon  
  173  18:13  Photon Cannon  
  173  18:15  Photon Cannon  
  173  18:17  Shield Battery  
  173  18:18  Pylon  
  179  18:31  Observer (Chrono Boost)  
  176  18:38  Zealot x7  
  175  18:47  Carrier  
  144  19:01  Carrier  
  130  19:17  Stalker x6  
  130  19:18  Stalker x3  
  130  19:22  Pylon  
  130  19:23  Observer (Chrono Boost)  
  150  19:30  Observer (Chrono Boost)  
  142  19:51  Observer  
  142  19:52  Observer  
  131  20:09  Dark Templar x3  
  131  20:15  Observer  
  116  20:38  Probe (Chrono Boost)  
  115  20:45  Observer  
  115  20:47  Probe (Chrono Boost)  
  116  20:52  Probe (Chrono Boost)  
  117  21:03  Pylon  
  94  21:25  Dark Templar x2  
  94  21:26  Dark Templar  
Tags
 
Add a new tag
Caveats
  • Supply blocks, unpowered buildings, or Contaminate may cause inaccurate times.
  • Supply counts are checked every 10 seconds.